 Dungeon Crawl Stone Soup version 0.22-a0-469-gf26638a (webtiles) character file.

678927 theanonym the Slayer (level 27, -14/235 HPs)
             Began as a Mummy Abyssal Knight on May 29, 2018.
             Was the Champion of Lugonu.
             Killed from afar by a black draconian knight (19 damage)
             ... with a shard of ice
             ... on level 1 of the Abyss on June 11, 2018.
             The game lasted 04:23:04 (91431 turns).

theanonym the Slayer (Mummy Abyssal Knight)        Turns: 91431, Time: 04:23:05

Health: -14/235    AC: 53    Str: 24 (28) XL:     27
Magic:  29/39      EV: 16    Int: 21      God:    Lugonu [******]
Gold:   1764       SH: 19    Dex:  8      Spells: 27/50 levels left

rFire    + + .     SeeInvis +   a - +9 demon trident (distort)
rCold    + + +     Gourm    .   M - +5 shield {reflect}
rNeg     + + +     Faith    .   o - +10 crystal plate armour of the Sturgeon {rC++ Regen+}
rPois    ∞         Spirit   .   z - +2 helmet {SInv}
rElec    +         Reflect  +   W - +2 cloak
rCorr    +         Harm     .   s - +2 pair of gloves {Str+3}
MR       +++..                  w - +2 pair of boots "Iluky" {+Blink rPois}
Stlth    ..........             O - macabre finger necklace {rN+}
HPRegen  0.89/turn              C - ring of the Octopus King {rCorr AC+1 EV+1 Str+1 Int+1 Dex+1}
MPRegen  0.26/turn              l - ring of Phasing {EV+8}
                                u - ring "Googow" {rElec rF+++ EV-3 Int+5 Dex-5}

@: singing, very slightly contaminated, slowed, studying 2 skills, very slow
A: no food or potions, fire vulnerability, cold resistance 1, negative energy
resistance 3, torment resistance, unbreathing, in touch with death 2
}: 5/15 runes: barnacled, slimy, silver, abyssal, gossamer
a: Depart the Abyss, Bend Space, Banish, Corrupt, Enter the Abyss, Renounce
Religion, Evoke Blink


Innate Abilities, Weirdness & Mutations

You do not eat or drink.
Your flesh is vulnerable to fire.
You are immune to poison.
Your flesh is cold resistant. (rC+)
You are immune to negative energy. (rN+++)
You are immune to unholy pain and torment.
You can survive without breathing.
You are strongly in touch with the powers of death.


   Skills:
 + Level 23.0 Fighting
 - Level 20.0 Polearms
 - Level 20.0 Armour
 - Level 13.1 Dodging
 - Level 15.0 Shields
 - Level 12.0 Spellcasting
 - Level 10.0 Hexes
 - Level 9.0 Charms
 + Level 14.7 Invocations


You had 27 spell levels left.
You knew the following spells:

 Your Spells              Type           Power        Failure   Level  Hunger
a - Spectral Weapon       Hex/Chrm       ######..     5%          3    N/A
b - Song of Slaying       Chrm           ######..     3%          2    N/A
c - Invisibility          Hex            ######..     91%         6    N/A
e - Lesser Beckoning      Tloc           ##........   95%         3    N/A
l - Blink                 Tloc           N/A          78%         2    N/A
q - Apportation           Tloc           ##....       65%         1    N/A
t - Deflect Missiles      Chrm/Air       ####......   100%        6    N/A

Your spell library contained the following spells:

 Spells                   Type           Power        Failure   Level  Hunger
 Cause Fear               Hex            ######....   14%         4    N/A
 Magic Dart               Conj           ##..         65%         1    N/A
 Fireball                 Conj/Fire      ##........   100%        5    N/A
 Conjure Flame            Conj/Fire      ##......     95%         3    N/A
 Bolt of Fire             Conj/Fire      ##........   100%        6    N/A
 Lightning Bolt           Conj/Air       ##........   100%        5    N/A
 Bolt of Magma            Conj/Fire/Erth ##........   100%        5    N/A
 Slow                     Hex            ######..     2%          2    N/A
 Confuse                  Hex            ######..     4%          3    N/A
 Throw Flame              Conj/Fire      ##....       78%         2    N/A
 Freezing Cloud           Conj/Ice/Air   ##........   100%        6    N/A
 Mephitic Cloud           Conj/Pois/Air  ##......     95%         3    N/A
 Ring of Flames           Chrm/Fire      ####......   100%        7    N/A
 Venom Bolt               Conj/Pois      ##........   100%        5    N/A
 Teleport Other           Tloc           ##......     95%         3    N/A
 Death's Door             Chrm/Necr      ######....   100%        8    N/A
 Summon Small Mammal      Summ           ##..         65%         1    N/A
 Bolt of Draining         Conj/Necr      ####......   100%        5    N/A
 Iskenderun's Mystic Bla  Conj           ##......     100%        4    N/A
 Animate Dead             Necr           N/A          100%        4    N/A
 Pain                     Necr           ####         65%         1    N/A
 Animate Skeleton         Necr           N/A          65%         1    N/A
 Vampiric Draining        Necr           ####......   95%         3    N/A
 Haunt                    Necr/Summ      ####......   100%        7    N/A
 Borgnjor's Revivificati  Necr           ####......   100%        8    N/A
 Freeze                   Ice            ##..         65%         1    N/A
 Ozocubu's Refrigeration  Ice            ##........   100%        6    N/A
 Sticky Flame             Conj/Fire      ##......     100%        4    N/A
 Ozocubu's Armour         Chrm/Ice       ####....     38%         3    N/A
 Call Imp                 Summ           ##......     78%         2    N/A
 Dispel Undead            Necr           ####....     100%        5    N/A
 Regeneration             Chrm/Necr      ######....   38%         3    N/A
 Sting                    Conj/Pois      ##..         65%         1    N/A
 Sublimation of Blood     Necr           ####......   78%         2    N/A
 Tukima's Dance           Hex            ######..     4%          3    N/A
 Summon Demon             Summ           ##........   100%        5    N/A
 Corpse Rot               Necr           N/A          78%         2    N/A
 Iron Shot                Conj/Erth      ##........   100%        6    N/A
 Stone Arrow              Conj/Erth      ##....       95%         3    N/A
 Shock                    Conj/Air       ##..         65%         1    N/A
 Swiftness                Chrm/Air       ####....     21%         2    N/A
 Recall                   Summ/Tloc      N/A          95%         3    N/A
 Agony                    Necr           ####....     100%        5    N/A
 Statue Form              Tmut/Erth      ##.......    100%        6    N/A
 Ice Form                 Ice/Tmut       ##......     100%        4    N/A
 Dragon Form              Tmut           ##........   100%        7    N/A
 Necromutation            Tmut/Necr      ####......   100%        8    N/A
 Airstrike                Air            ##........   100%        4    N/A
 Shadow Creatures         Summ           N/A          100%        6    N/A
 Confusing Touch          Hex            ######       1%          1    N/A
 Flame Tongue             Conj/Fire      ##...        65%         1    N/A
 Passwall                 Tmut/Erth      ##......     78%         2    N/A
 Ignite Poison            Fire/Tmut/Pois ##......     95%         3    N/A
 Sticks to Snakes         Tmut           ##......     78%         2    N/A
 Ensorcelled Hibernation  Hex/Ice        ####..       17%         2    N/A
 Metabolic Englaciation   Hex/Ice        ####......   97%         5    N/A
 Summon Butterflies       Summ           ##......     65%         1    N/A
 Silence                  Hex/Air        ####......   97%         5    N/A
 Shatter                  Erth           ##........   100%        9    N/A
 Static Discharge         Conj/Air       ##......     95%         3    N/A
 Corona                   Hex            ######.      1%          1    N/A
 Alistair's Intoxication  Tmut/Pois      ##......     100%        5    N/A
 Lee's Rapid Deconstruct  Erth           ##........   100%        5    N/A
 Sandblast                Erth           ##....       65%         1    N/A
 Simulacrum               Ice/Necr       ####......   100%        6    N/A
 Excruciating Wounds      Chrm/Necr      ######....   98%         5    N/A
 Portal Projectile        Hex/Tloc       ####..       32%         3    N/A
 Petrify                  Tmut/Erth      ##......     100%        4    N/A
 Passage of Golubria      Tloc           N/A          100%        4    N/A
 Orb of Destruction       Conj           ##........   100%        7    N/A
 Malign Gateway           Summ/Tloc      ##........   100%        7    N/A
 Leda's Liquefaction      Hex/Erth       ####......   73%         4    N/A
 Summon Hydra             Summ           ##........   100%        7    N/A
 Shroud of Golubria       Chrm/Tloc      ####......   21%         2    N/A
 Inner Flame              Hex/Fire       ####....     32%         3    N/A
 Aura of Abjuration       Summ           ##........   100%        5    N/A
 Beastly Appendage        Tmut           ##....       65%         1    N/A
 Iskenderun's Battlesphe  Conj/Chrm      ####....     98%         5    N/A
 Fulminant Prism          Conj/Hex       ####......   73%         4    N/A
 Dazzling Spray           Conj/Hex       ####..       32%         3    N/A
 Force Lance              Conj/Tloc      ##......     100%        4    N/A
 Infusion                 Chrm           ####         2%          1    N/A
 Searing Ray              Conj           ##....       78%         2    N/A
 Discord                  Hex            ######....   100%        8    N/A
 Summon Forest            Summ/Tloc      ##........   100%        5    N/A
 Summon Lightning Spire   Summ/Air       ##......     100%        4    N/A
 Spellforged Servitor     Conj/Summ      ##........   100%        7    N/A
 Summon Mana Viper        Hex/Summ       ####....     97%         5    N/A
 Hydra Form               Tmut           ##........   100%        6    N/A
 Irradiate                Conj/Tmut      ##........   100%        5    N/A
 Gell's Gravitas          Tloc           ##........   95%         3    N/A
 Yara's Violent Unravell  Hex/Tmut       ####......   97%         5    N/A
 Infestation              Necr           ####......   100%        8    N/A
 Poisonous Vapours        Pois/Air       ##....       78%         2    N/A
 Ignition                 Fire           ##........   100%        8    N/A
 Borgnjor's Vile Clutch   Necr/Erth      ####......   100%        5    N/A

Skill      XL: |  1  2  3  4  5  6  7  8  9 10 11 12 13 14 15 16 17 18 19 20 21 22 23 24 25 26 27 |
---------------+----------------------------------------------------------------------------------+-----
Polearms       | 2 3 5 6 7 8 10 11 12 13 14 16 18 19 20 | 20.0
Fighting       | 4 5 6 7 9 11 12 13 14 15 16 17 19 20 21 22 23 | 23.0
Invocations    | 3 6 8 10 12 14 | 14.7
Shields        | 4 7 8 10 11 12 13 14 15 | 15.0
Armour         | 4 8 10 12 14 15 16 17 18 19 20 | 20.0
Dodging        | 2 5 6 11 12 13 | 13.1
Spellcasting   | 1 8 10 12 | 12.0
Hexes          | 1 8 9 10 | 10.0
Charms         | 1 8 9 |  9.0

Action                   |  1- 3 |  4- 6 |  7- 9 | 10-12 | 13-15 | 16-18 | 19-21 | 22-24 | 25-27 || total
-------------------------+-------+-------+-------+-------+-------+-------+-------+-------+-------++-------
Melee: Spear             |   152 |   101 |       |       |       |       |       |       |       ||   253
       Trident           |       |   184 |   583 |  1293 |   931 |    30 |       |       |       ||  3021
       Demon trident     |       |       |       |       |  1208 |  1948 |  3034 |  2843 |  1874 || 10907
Throw: Throwing net      |       |       |     1 |     4 |       |     5 |     9 |       |       ||    19
 Cast: Spectral Weapon   |       |       |       |       |       |       |       |    25 |   111 ||   136
       Song of Slaying   |       |       |       |       |       |       |       |     3 |    19 ||    22
       Apportation       |       |       |       |       |       |       |       |       |     2 ||     2
Invok: Depart the Abyss  |     1 |       |       |       |       |       |     1 |       |       ||     2
       Bend Space        |       |       |       |     7 |     1 |     2 |     9 |     8 |     8 ||    35
       Banish            |       |       |       |       |     2 |       |     1 |       |       ||     3
       Corrupt           |       |       |       |       |       |     1 |       |       |       ||     1
       Brand Weapon With |       |       |       |       |       |     1 |       |       |       ||     1
       Enter the Abyss   |       |       |       |       |       |       |       |       |     1 ||     1
Evoke: Wand              |       |       |    20 |    21 |     6 |     4 |    12 |     1 |     4 ||    68
       Box of beasts     |       |       |       |       |       |     3 |       |       |       ||     3
       Phantom mirror    |       |       |       |       |       |     1 |       |       |       ||     1
  Use: Scroll            |       |     3 |    10 |    13 |    17 |    13 |    16 |    20 |    41 ||   133
 Stab: Paralysed         |       |       |     1 |       |       |       |       |       |       ||     1
       Distracted        |       |       |       |       |     1 |       |     1 |     3 |     8 ||    13
       Held in net/web   |       |       |       |       |       |     3 |     3 |       |       ||     6
       Petrified         |       |       |       |       |       |     1 |       |       |       ||     1
Armor: Chain mail        |   109 |   135 |   250 |   420 |   409 |   664 |       |       |       ||  1987
       Plate armour      |       |       |       |       |       |   105 |   251 |       |       ||   356
       Crystal plate arm |       |       |       |       |       |       |   756 |  1317 |   895 ||  2968
Dodge: Dodged            |    71 |    84 |   298 |   496 |   330 |   585 |   558 |   535 |   530 ||  3487
Block: Shield            |       |       |       |   287 |   813 |  1012 |  1035 |  1011 |   927 ||  5085
       Reflection        |       |       |       |       |       |    93 |    94 |   110 |    43 ||   340

Inventory:

Hand Weapons
 a - a +9 demon trident of distortion (weapon)
   (You acquired it on level 5 of the Lair of Beasts)
 b - a +9 demon trident of freezing
   (You took it off a red devil on level 3 of the Depths)
Armour
 g - a +2 helmet of intelligence
   (You found it on level 4 of the Shoals)
 o - the +10 crystal plate armour of the Sturgeon (worn) {rC++ Regen+}
   (You acquired it on level 2 of the Vaults)

   It greatly protects you from cold.
   It increases your rate of regeneration.
 s - a +2 pair of gloves of strength (worn)
   (You found it on level 5 of the Vaults)
 w - the +2 pair of boots "Iluky" (worn) {+Blink rPois}
   (You found it on level 3 of the Elven Halls)

   It protects you from poison.
   It lets you blink.
 z - a +2 helmet of see invisible (worn)
   (You found it on level 5 of the Pits of Slime)
 M - a +5 shield of reflection (worn)
   (You found it on level 2 of the Shoals)
 U - +0 gold dragon scales
   (You found it on level 3 of the Depths)
 W - a +2 cloak (worn)
   (You took it off a draconian annihilator on level 1 of the Realm of Zot)
Magical Staves
 c - an uncursed staff of wizardry
   (You found it on level 3 of the Crypt)
Jewellery
 h - the ring "Oficry" {*Drain rElec Str+4 Int-5 Stlth+}
   (You found it on level 1 of the Depths)

   [ring of stealth]

   It affects your strength (+4).
   It affects your intelligence (-5).
   It insulates you from electricity.
   It causes draining when unequipped.
   It makes you more stealthy.
 j - an uncursed ring of see invisible
   (You took it off a hobgoblin on level 2 of the Dungeon)
 k - the ring of Utwoolik {rC++ AC+3 Int+4}
   (You took it off a necromancer on level 4 of the Vaults)

   [ring of protection]

   It affects your AC (+3).
   It affects your intelligence (+4).
   It greatly protects you from cold.
 l - the ring of Phasing (right hand) {EV+8}
   (You took it off a frost giant on level 5 of the Vaults)

   [ring of evasion]

   It affects your evasion (+8).
 m - an uncursed ring of fire
   (You took it off an orc on level 3 of the Dungeon)
 u - the ring "Googow" (on amulet) {rElec rF+++ EV-3 Int+5 Dex-5}
   (You bought it in a shop on level 2 of the Depths)

   [ring of evasion]

   It affects your evasion (-3).
   It affects your intelligence (+5).
   It affects your dexterity (-5).
   It renders you almost immune to fire.
   It insulates you from electricity.
 A - the ring "Zyoz Oko" {-Tele rElec rF+ rC+++ Str-4 SInv}
   (You found it on level 3 of the Crypt)

   [ring of see invisible]

   It affects your strength (-4).
   It protects you from fire.
   It renders you almost immune to cold.
   It insulates you from electricity.
   It lets you see invisible.
   It prevents most forms of teleportation.
 C - a ring of the Octopus King (left hand) {rCorr AC+1 EV+1 Str+1 Int+1 Dex+1}
   (You bought it in a shop on level 2 of the Orcish Mines)

   [ring of resist corrosion]

   It affects your AC (+1).
   It affects your evasion (+1).
   It affects your strength (+1).
   It affects your intelligence (+1).
   It affects your dexterity (+1).
 E - the ring "Ofaop" {rElec MR+ MP+9 Int+3 Dex-5}
   (You bought it in a shop on level 2 of the Orcish Mines)

   [ring of magical power]

   It affects your intelligence (+3).
   It affects your dexterity (-5).
   It insulates you from electricity.
   It affects your resistance to hostile enchantments.
   It affects your magic capacity (+9).
 H - an uncursed ring of flight
   (You found it on level 5 of the Lair of Beasts)
 O - the macabre finger necklace (around neck) {rN+}
   (You bought it in a shop on level 2 of the Shoals)

   [amulet of nothing]

   It protects you from negative energy.
 Q - an uncursed amulet of regeneration
   (You found it on level 3 of a ziggurat)
 R - the amulet "Adwehij" {*Slow rElec Regen+ Dex+6 SInv}
   (You took it off a spriggan berserker on level 3 of the Depths)

   [amulet of regeneration]

   It affects your dexterity (+6).
   It insulates you from electricity.
   It lets you see invisible.
   It increases your rate of regeneration.
   It may slow you when you take damage.
 V - the ring of Rehonlu {EV+3 Str+4}
   (You found it on level 4 of the Depths)

   [ring of evasion]

   It affects your evasion (+3).
   It affects your strength (+4).
Wands
 d - a wand of digging (32)
   (You found it on level 1 of the Vaults)
 e - a wand of disintegration (30)
   (You found it on level 2 of the Crypt)
 v - a wand of acid (18)
   (You found it on level 11 of the Dungeon)
Scrolls
 f - 7 scrolls of fog
 n - 24 scrolls of remove curse
 p - 2 scrolls of immolation
 q - 6 scrolls of torment
 r - 14 scrolls of identify
 t - 13 scrolls of teleportation {!r}
 x - 4 scrolls of noise
 y - 6 scrolls of magic mapping
 B - 4 scrolls of blinking
 D - 5 scrolls of fear
 G - 7 scrolls of enchant armour
 S - 2 scrolls of silence
Books
 F - a manual of Hexes
   (You found it on level 5 of the Pits of Slime)
 I - a manual of Dodging
   (You found it on level 3 of the Depths)
Miscellaneous
 i - 6 phantom mirrors
 J - a fan of gales
   (You found it on level 3 of the Crypt)
 K - 4 boxes of beasts
 L - a phial of floods
   (You found it on level 3 of the Shoals)
 T - a lamp of fire
   (You found it on level 3 of the Depths)


You were on level 1 of the Abyss.
You worshipped Lugonu.
Lugonu was exalted by your worship.
You were not hungry.

You visited 11 branches of the dungeon, and saw 53 of its levels.
You visited the Abyss 4 times.
You visited 1 ziggurat, and saw 11 of its levels.
You also visited: Sewer, Ice Cave and Wizlab.

You collected 7270 gold pieces.
You spent 5506 gold pieces at shops.

Dungeon Overview and Level Annotations

Branches:
Dungeon (15/15)            Temple (0/1) D:7            Lair (6/6) D:8
 Shoals (4/4) Lair:3       Spider (4/4) Lair:2        Slime (5/5) Lair:5
    Orc (2/2) D:9             Elf (3/3) Orc:2        Vaults (5/5) D:14
  Crypt (3/3) Vaults:2       Tomb (0/3) Crypt:3      Depths (5/5) D:15
    Zot (1/5) Depths:5

Altars:
Ashenzari
Dithmenos
Elyvilon
Fedhas
Gozag
Kikubaaqudgha
Makhleb
Nemelex Xobeh
Okawaru
Qazlal
Ru
Uskayaw
Vehumet
Wu Jian
Xom
Yredelemnul
The Shining One
Beogh
Lugonu

Shops:
D:11 :   D:13 %%?(   Orc:2 ([*=   Shoals:2 (=   Shoals:3 [   Vaults:1 (
Vaults:3 *   Depths:2 }=}

Portals:
Hell: Depths:1 Depths:2 Depths:3 Depths:4 Depths:5
Abyss: Depths:4 Depths:5
Pandemonium: Depths:2 Depths:3 Depths:4

Annotations:
Lair:6 exclusion: oklob plant
Shoals:4 corrupted
Spider:3 Mara
Depths:5 exclusion: hell hound
Abyss:1 Jory; Margery; Polyphemus; Rupert; Sojobo

## .###.##
.......##
.......q##
.......@.#
......D...#
≈≈≈.......∩#
≈8≈.......∩.#
≈.≈.......∩##
...........#
.........#..
........#.#..


You could see a black draconian knight and a storm dragon.

Notes
Turn   | Place    | Note
-------+----------+-------------------------------------------
     0 | Abyss:1  | theanonym the Mummy Abyssal Knight began the quest for the Orb.
     0 | Abyss:1  | Reached XP level 1. HP: 18/18 MP: 2/2
    40 | Abyss:1  | Noticed an iron imp
    42 | Abyss:1  | Noticed a starcursed mass
    79 | Abyss:2  | Got an ichor-stained chain mail
    80 | Abyss:2  | Noticed a ynoxinul
    86 | Abyss:2  | Noticed a blink frog
    86 | D:1      | Escaped the Abyss
    97 | D:1      | Identified the cursed +1 chain mail "Quwanidi" {*Contam rElec Str+6} (You found it on level 2 of the Abyss)
   136 | D:1      | Reached skill level 2 in Polearms
   168 | D:1      | Reached XP level 2. HP: 24/24 MP: 3/3
   199 | D:1      | Reached * piety under Lugonu
   577 | D:2      | Reached XP level 3. HP: 29/29 MP: 4/4
   610 | D:2      | Reached skill level 3 in Polearms
   986 | D:2      | Reached XP level 4. HP: 24/35 MP: 2/5
  1068 | D:2      | Found a white marble altar of Elyvilon.
  1291 | D:2      | Found an iron altar of Okawaru.
  1389 | D:3      | Found a shimmering altar of Xom.
  1458 | D:3      | Reached skill level 4 in Polearms
  1491 | D:3      | Found a shadowy altar of Dithmenos.
  1512 | D:3      | Noticed Sigmund
  1538 | D:3      | HP: 17/35 [Sigmund/scythe (7)]
  1539 | D:3      | Killed Sigmund
  1539 | D:3      | Reached skill level 5 in Polearms
  1539 | D:3      | Reached XP level 5. HP: 20/41 MP: 3/6
  1758 | D:3      | Found a blossoming altar of Fedhas.
  1852 | D:3      | Found a radiant altar of Vehumet.
  1890 | D:3      | Reached XP level 6. HP: 41/47 MP: 7/7
  1898 | D:3      | Reached ** piety under Lugonu
  2306 | D:4      | Found a glowing drain.
  2313 | Sewer    | Entered a sewer
  2556 | Sewer    | Reached skill level 6 in Polearms
  2577 | Sewer    | Reached skill level 4 in Fighting
  2577 | Sewer    | Reached XP level 7. HP: 31/54 MP: 4/8
  3050 | D:4      | Reached *** piety under Lugonu
  3583 | D:5      | Entered Level 5 of the Dungeon
  3622 | D:5      | Found a shattered altar of Ashenzari.
  3676 | D:5      | Reached skill level 7 in Polearms
  3719 | D:5      | Reached skill level 5 in Fighting
  3719 | D:5      | Reached XP level 8. HP: 62/62 MP: 9/9
  3741 | D:5      | Found a sacrificial altar of Ru.
  3804 | D:5      | Found a stormy altar of Qazlal.
  3807 | D:5      | Noticed an air elemental
  4034 | D:6      | Noticed Dowan
  4050 | D:6      | Killed Dowan
  4050 | D:6      | Reached skill level 2 in Invocations
  4052 | D:6      | Noticed Duvessa
  4071 | D:6      | Killed Duvessa
  4104 | D:6      | Noticed Prince Ribbit
  4207 | D:6      | Found an opulent altar of Gozag.
  4207 | D:6      | Found a sparkling altar of Nemelex Xobeh.
  4505 | D:6      | Noticed a two-headed ogre
  4512 | D:6      | Killed a two-headed ogre
  4512 | D:6      | Reached skill level 6 in Fighting
  4512 | D:6      | Reached skill level 8 in Polearms
  4512 | D:6      | Reached skill level 3 in Invocations
  4512 | D:6      | Reached XP level 9. HP: 68/69 MP: 9/11
  5037 | D:7      | Found a burning altar of Makhleb.
  5263 | D:7      | Reached skill level 9 in Polearms
  5352 | D:7      | Reached **** piety under Lugonu
  5502 | D:7      | Reached skill level 7 in Fighting
  6092 | D:7      | Found a staircase to the Ecumenical Temple.
  6296 | D:8      | Noticed a two-headed ogre
  6315 | D:8      | HP: 34/72 [two-headed ogre/giant spiked club (19)]
  6317 | D:8      | HP: 16/72 [two-headed ogre/giant spiked club (11)]
  6580 | D:8      | Upgraded the game from 0.22-a0-439-gac93bac to 0.22-a0-467-g5c5de1c
  6607 | D:7      | Reached skill level 10 in Polearms
  6852 | D:8      | theanonym: !lg * fifsk=polea
  6852 | D:8      | beem: No games for * (fifsk=polea).
  6852 | D:8      | theanonym: !lg * fifsk=~polea
  6852 | D:8      | beem: 35999. leeig the Impaler (L13 MfFi of Okawaru), slain by a tyrant leech on Lair:6 (serial_bayou_shore_a) on 2018-06-10 05:06:48, with 37275 points after 15318 turns and 0:15:58.
  6852 | D:8      | theanonym: !lg * fifsk=~polea win
  6852 | D:8      | beem: 6284. sponrad the Omniscient (L27 GnWz of Ashenzari), escaped with the Orb and 3 runes on 2018-06-10 04:55:21, with 1472686 points after 89580 turns and 7:31:21.
  6852 | D:8      | theanonym: !lg * fifsk=~polea win race!=gnoll
  6852 | D:8      | beem: 5469. Gorglomux the Acrobat (L26 MfAs of Yredelemnul), escaped with the Orb and 3 runes on 2018-06-09 15:24:30, with 1827427 points after 54831 turns and 2:07:17.
  6852 | D:8      | theanonym: !lg * fifsk=~polea win race!=gnoll -log
  6852 | D:8      | beem: 5469. Gorglomux, XL26 MfAs, T:54831: https://crawl.xtahua.com/crawl/morgue/Gorglomux/morgue-Gorglomux-20180609-152430.txt
  6852 | D:8      | theanonym: !lg * fifsk=~polea win race!=gnoll -log -1
  6852 | D:8      | beem: 5469. Gorglomux, XL26 MfAs, T:54831: https://crawl.xtahua.com/crawl/morgue/Gorglomux/morgue-Gorglomux-20180609-152430.txt
  6852 | D:8      | theanonym: !lg * fifsk=~polea win race!=gnoll -log -2
  6852 | D:8      | beem: 5468/5469. Volly, XL27 DsFE, T:141172: http://crawl.akrasiac.org/rawdata/Volly/morgue-Volly-20180608-221115.txt
  6852 | D:8      | theanonym: !lg * fifsk=~polea win race!=gnoll -log -3
  6852 | D:8      | beem: 5467/5469. Gorglomux, XL27 MfHu, T:65565: https://crawl.xtahua.com/crawl/morgue/Gorglomux/morgue-Gorglomux-20180608-214812.txt
  6852 | D:8      | theanonym: !lg * fifsk=~polea win race!=gnoll -log -4
  6852 | D:8      | beem: 5466/5469. McSplat, XL25 CeGl, T:60720: http://crawl.berotato.org/crawl/morgue/McSplat/morgue-McSplat-20180608-193050.txt
  6859 | D:8      | Reached XP level 10. HP: 80/80 MP: 12/12
  7067 | D:8      | Found a staircase to the Lair.
  7142 | D:8      | Reached ***** piety under Lugonu
  7165 | D:8      | Reached skill level 8 in Fighting
  7187 | D:8      | Found an opulent altar of Gozag.
  7345 | D:8      | Killed a two-headed ogre
  7809 | D:9      | HP: 37/82 [killer bee (5)]
  7814 | D:9      | HP: 24/82 [killer bee (3)]
  7821 | D:9      | HP: 16/82 [yak (3)]
  8119 | D:9      | HP: 37/82 [killer bee (5)]
  8124 | D:9      | HP: 28/82 [killer bee (5)]
  8129 | D:9      | HP: 23/82 [killer bee (2)]
  8135 | D:9      | HP: 19/82 [killer bee (1)]
  8673 | D:8      | Reached skill level 11 in Polearms
  8963 | D:9      | Reached skill level 9 in Fighting
  9332 | D:9      | Found a roughly hewn altar of Beogh.
  9332 | D:9      | Found a staircase to the Orcish Mines.
  9513 | D:8      | HP: 34/83 [orc warrior/battleaxe of draining (15)]
  9548 | D:7      | HP: 27/83 [orc warrior/battleaxe of draining (15)]
  9554 | D:7      | HP: 27/83 [iguana (1)]
  9890 | D:8      | Found a staircase to the Lair.
  9950 | D:8      | Found an opulent altar of Gozag.
 10418 | D:10     | Entered Level 10 of the Dungeon
 10552 | D:10     | Got a faintly humming shield
 10629 | D:10     | Identified the +4 shield "Meclao" {rC- rN+++ Str+3 Int-5} (You found it on level 10 of the Dungeon)
 10645 | D:10     | Reached XP level 11. HP: 75/89 MP: 10/13
 10746 | D:10     | Noticed Josephine
 10776 | D:9      | Killed Josephine
 10776 | D:9      | Reached skill level 1 in Shields
 10953 | D:10     | Found an ornate altar of the Wu Jian Council.
 11002 | D:10     | Got a shimmering trident
 11003 | D:10     | Identified the +5 trident "Vihoxkih" {speed, rN+ Str+3 Dex+2} (You found it on level 10 of the Dungeon)
 11018 | D:10     | Reached skill level 2 in Shields
 11021 | D:10     | Noticed Harold
 11034 | D:10     | HP: 45/90 [Harold/bolt of fire (18)]
 11045 | D:10     | Killed Harold
 11045 | D:10     | Reached skill level 10 in Fighting
 11378 | D:10     | Reached skill level 12 in Polearms
 11397 | D:10     | Noticed an unseen horror
 11414 | D:10     | Killed an unseen horror
 11500 | D:10     | Reached skill level 3 in Shields
 11780 | Orc:1    | Entered Level 1 of the Orcish Mines
 11943 | Orc:1    | Found a roughly hewn altar of Beogh.
 11962 | Orc:1    | Found a frozen archway.
 12170 | IceCv    | Entered an ice cave
 12173 | IceCv    | Reached skill level 4 in Shields
 12364 | IceCv    | HP: 43/92 [freezing wraith (6)]
 12697 | Orc:2    | Entered Level 2 of the Orcish Mines
 13110 | Lair:1   | Entered Level 1 of the Lair of Beasts
 13150 | Lair:1   | Found a hide-covered altar of Uskayaw.
 13193 | Lair:1   | Reached skill level 11 in Fighting
 13256 | Lair:1   | Reached XP level 12. HP: 99/100 MP: 14/14
 13386 | Lair:1   | Noticed an eight-headed hydra
 13395 | Lair:1   | Noticed a four-headed hydra
 13397 | Lair:1   | Killed an eight-headed hydra
 13397 | Lair:1   | Reached skill level 5 in Shields
 13418 | Lair:1   | Killed a four-headed hydra
 14214 | Lair:2   | Found a hole to the Spider Nest.
 14275 | Lair:2   | Noticed Erica
 14317 | Lair:2   | Killed Erica
 14548 | Lair:2   | Noticed an eight-headed hydra
 14564 | Lair:2   | Killed an eight-headed hydra
 14899 | Lair:2   | Reached skill level 6 in Shields
 15137 | Lair:2   | Reached skill level 13 in Polearms
 15318 | Lair:3   | Reached ****** piety under Lugonu
 15444 | Lair:3   | Reached skill level 12 in Fighting
 15669 | Lair:3   | Noticed Fannar
 15695 | Lair:3   | Killed Fannar
 15969 | Lair:3   | Found a staircase to the Shoals.
 16450 | Lair:4   | Noticed a five-headed hydra
 16467 | Lair:4   | Killed a five-headed hydra
 16467 | Lair:4   | Reached skill level 7 in Shields
 16467 | Lair:4   | Gained mutation: You are in touch with the powers of death. [Mummy growth]
 16467 | Lair:4   | Reached XP level 13. HP: 90/109 MP: 11/15
 16644 | Lair:4   | Noticed Urug
 16819 | Lair:4   | Killed Urug
 17639 | Lair:5   | Found a staircase to the Slime Pits.
 17971 | Lair:5   | Identified a scroll of acquirement
 18008 | Lair:5   | Reached skill level 2 in Armour
 18213 | Lair:5   | Reached skill level 8 in Shields
 18246 | Lair:5   | Reached skill level 13 in Fighting
 18651 | Lair:6   | Entered Level 6 of the Lair of Beasts
 18659 | Lair:6   | HP: 48/111 [oklob plant/splash of acid (11)]
 19138 | Lair:6   | Reached skill level 3 in Armour
 19328 | Lair:6   | Noticed tilp's ghost (journeyman MfIE)
 19634 | Lair:6   | HP: 36/111 [tilp's ghost (22)]
 20191 | Lair:6   | Noticed Rupert
 20448 | Orc:2    | Reached skill level 14 in Polearms
 20874 | Orc:2    | Found a staircase to the Elven Halls.
 20877 | Orc:2    | Reached skill level 4 in Armour
 20891 | Orc:2    | Noticed Sonja
 21081 | Orc:2    | Killed Sonja
 21112 | Orc:2    | Reached XP level 14. HP: 110/118 MP: 14/16
 21158 | Orc:2    | Found a roughly hewn altar of Beogh.
 21552 | Orc:2    | theanonym: ??brand weapon with d
 21552 | Orc:2    | beem: I don't have a page labeled brand_weapon_with_d in my learndb.
 21552 | Orc:2    | theanonym: ??corrupt weapon
 21552 | Orc:2    | beem: I don't have a page labeled corrupt_weapon in my learndb.
 21552 | Orc:2    | theanonym: ??lugonu
 21552 | Orc:2    | beem: lugonu[1/4]: Lugonu grants the ability to leave the abyss, {bend space}, banish monsters to the abyss and invoke {corruption}. You can banish yourself instantly at a significant hp+mp cost, and permanently distortion-brand a weapon once.
 21552 | Orc:2    | theanonym: ??lugonu[2
 21552 | Orc:2    | beem: lugonu[2/4]: Lugonu prevents distortion unwield effects
 21552 | Orc:2    | theanonym: ??lugonu[3
 21552 | Orc:2    | beem: lugonu[3/4]: Lugonu was originally named Lucy, so it is traditional to consider this god female. The gods intentionally have no gender mentioned in-game though, and it would be considered a bug if they were to.
 21552 | Orc:2    | theanonym: ??lugonu[4
 21552 | Orc:2    | beem: lugonu[4/4]: http://puu.sh/oBaVj/0ef5b0db9e.jpg
 21554 | Orc:2    | Noticed an orc warlord
 21579 | Orc:2    | HP: 48/118 [orc warlord/halberd (14)]
 21581 | Orc:2    | Killed an orc warlord
 21581 | Orc:2    | Reached skill level 5 in Armour
 21834 | Orc:1    | HP: 57/118 [orc knight/battleaxe (14)]
 22102 | Orc:1    | Reached skill level 9 in Shields
 22104 | Orc:1    | Reached skill level 4 in Invocations
 22574 | Orc:2    | Reached skill level 6 in Armour
 22589 | Orc:2    | Found Mahorom's Antique Armour Shoppe.
 22590 | Orc:2    | Found Raufre Iwkot's Antique Weapon Shoppe.
 22591 | Orc:2    | Found Viysaf's General Store.
 22591 | Orc:2    | Found Mynox's Jewellery Emporium.
 22595 | Orc:2    | Bought a scroll of enchant weapon for 112 gold pieces
 22595 | Orc:2    | Bought a scroll of fog for 30 gold pieces
 22595 | Orc:2    | Bought a scroll of enchant armour for 112 gold pieces
 22599 | Orc:2    | Bought a ring of the Octopus King {rCorr AC+1 EV+1 Str+1 Int+1 Dex+1} for 667 gold pieces
 22599 | Orc:2    | Found the ring of the Octopus King {rCorr AC+1 EV+1 Str+1 Int+1 Dex+1}
 22599 | Orc:2    | Bought the ring "Ofaop" {rElec MR+ MP+9 Int+3 Dex-5} for 566 gold pieces
 22819 | Orc:2    | Bought a pair of embroidered gloves for 217 gold pieces
 22987 | D:6      | Killed Prince Ribbit
 23799 | Lair:6   | HP: 52/118 [tilp's ghost/Freeze (11)]
 23801 | Lair:6   | Killed tilp's ghost
 24113 | Lair:6   | Reached skill level 5 in Invocations
 24571 | Lair:6   | Paralysed by Rupert for 2 turns
 24581 | Lair:6   | HP: 59/118 [Rupert/great mace of draining (14)]
 24586 | Lair:6   | Banished Rupert
 24586 | Lair:6   | Reached skill level 7 in Armour
 25204 | Lair:6   | Found a large runed door.
 25205 | Lair:6   | Found a large runed door.
 25857 | D:11     | Found a shimmering altar of Xom.
 26116 | D:11     | Found Oskewnu's Book Boutique.
 26410 | D:12     | Noticed protoss039's ghost (journeyman CeFi)
 26514 | D:12     | Killed protoss039's ghost
 26747 | D:12     | Reached skill level 6 in Invocations
 27065 | D:13     | Found a burning altar of Makhleb.
 27114 | D:13     | Found Bohac's Weapon Shop.
 27149 | D:13     | Reached skill level 8 in Armour
 27191 | D:12     | Identified the +8 chain mail of Hangman {rC- Str+5 Int+6 Dex+4 Stlth+} (You found it on level 12 of the Dungeon)
 27301 | D:13     | Found Zilaom's Magic Scroll Shoppe.
 27313 | D:13     | Bought a scroll of fear for 56 gold pieces
 27313 | D:13     | Bought a scroll of teleportation for 48 gold pieces
 27313 | D:13     | Bought a scroll of immolation for 56 gold pieces
 27313 | D:13     | Bought a scroll of teleportation for 48 gold pieces
 27313 | D:13     | Bought 3 scrolls of teleportation for 144 gold pieces
 27555 | D:13     | Reached skill level 10 in Shields
 27555 | D:13     | Reached XP level 15. HP: 117/124 MP: 19/19
 27710 | D:13     | HP: 59/124 [something (13)]
 27954 | D:13     | Got a faintly glowing ivory ring
 28036 | D:13     | HP: 50/124 [ice dragon/blast of cold (40)]
 28049 | D:13     | HP: 38/124 [centaur warrior skeleton (4)]
 28351 | D:13     | Identified the ring of Yraceb {EV+5 Int+6} (You took it off a centaur on level 13 of the Dungeon)
 28752 | D:13     | Reached skill level 9 in Armour
 28862 | D:13     | Found Duisu's Food Boutique.
 28910 | D:13     | Found Caskot's Food Shoppe.
 29324 | D:13     | Reached skill level 7 in Invocations
 30320 | D:14     | Found a gate to the Vaults.
 30346 | D:14     | Reached skill level 10 in Armour
 30545 | D:15     | Entered Level 15 of the Dungeon
 31064 | D:15     | Reached skill level 8 in Invocations
 31152 | D:15     | Noticed Azrael
 31171 | D:15     | Killed Azrael
 31592 | D:15     | Found a staircase to the Depths.
 31616 | D:15     | Reached skill level 11 in Shields
 32140 | Spider:1 | Entered Level 1 of the Spider Nest
 32158 | Spider:1 | Reached XP level 16. HP: 120/131 MP: 22/22
 32674 | Spider:1 | Noticed Donald
 32689 | Spider:1 | Killed Donald
 32689 | Spider:1 | Reached skill level 11 in Armour
 33281 | Spider:2 | Got a translucent large shield
 33282 | Spider:2 | Identified the +7 large shield "Katsakhlo" {rPois MR+ Str-2 Int+3 SInv} (You acquired it on level 2 of the Spider Nest)
 33291 | Spider:3 | Noticed Mara
 33307 | Spider:3 | Killed Mara
 33669 | Spider:2 | HP: 63/132 [wolf spider (4)]
 33674 | Spider:2 | HP: 51/132 [wolf spider (2)]
 34354 | Spider:3 | Reached skill level 14 in Fighting
 34885 | Spider:4 | Entered Level 4 of the Spider Nest
 34897 | Spider:3 | Reached skill level 12 in Armour
 35724 | Spider:3 | HP: 62/134 [spark wasp (11)]
 35729 | Spider:3 | HP: 52/134 [wolf spider (5)]
 36349 | Spider:4 | Noticed Arachne
 36533 | Spider:3 | Killed Arachne
 36533 | Spider:3 | Reached skill level 12 in Shields
 36623 | Spider:3 | Reached XP level 17. HP: 103/140 MP: 1/23
 37540 | Spider:4 | Reached skill level 13 in Armour
 37642 | Spider:4 | Got a gossamer rune of Zot
 37739 | Spider:4 | Identified a +9 demon trident of distortion (a +8 demon trident of venom corrupted by Lugonu)
 37739 | Spider:4 | Received a gift from Lugonu
 37871 | Shoals:1 | Entered Level 1 of the Shoals
 39484 | Shoals:2 | Noticed Frances
 39487 | Shoals:2 | Noticed Polyphemus
 39498 | Shoals:2 | Killed Frances
 39688 | Shoals:2 | HP: 70/140 [catoblepas[Polyphemus] (18)]
 39715 | Shoals:2 | HP: 55/140 [Polyphemus/large rock (23)]
 40017 | Shoals:2 | Banished Polyphemus
 40077 | Shoals:2 | Found Xavok Cas's Jewellery Shoppe.
 40105 | Shoals:2 | Reached skill level 15 in Fighting
 40122 | Shoals:2 | Bought the amulet of Muutehann {Reflect Int+3 SH+4} for 806 gold pieces
 40415 | Shoals:2 | Noticed Nikola
 40507 | Shoals:2 | Noticed a kraken
 40525 | Shoals:2 | Banished a kraken
 40625 | Shoals:2 | Found Doiw's Antique Weapon Shoppe.
 40656 | Shoals:2 | Noticed Kirke
 40701 | Shoals:2 | Killed Kirke
 40748 | Shoals:2 | Killed Nikola
 40826 | Shoals:2 | Noticed a kraken
 40843 | Shoals:2 | Banished a kraken
 41579 | Shoals:3 | Reached skill level 14 in Armour
 41871 | Shoals:3 | Found Dighof's Antique Armour Shop.
 41886 | Shoals:3 | Bought a pair of bloodstained boots for 285 gold pieces
 41886 | Shoals:3 | Identified the +0 pair of boots of Benn {Stlth+} (You bought it in a shop on level 3 of the Shoals)
 42179 | Shoals:4 | Entered Level 4 of the Shoals
 42192 | Shoals:4 | Noticed Ilsuiw
 42201 | Shoals:4 | Noticed Aizul
 42204 | Shoals:4 | Corrupted Shoals:4
 42212 | Shoals:4 | Killed Aizul
 42213 | Shoals:4 | Killed Ilsuiw
 42694 | Shoals:4 | Reached XP level 18. HP: 134/149 MP: 24/24
 42819 | Shoals:4 | Got a barnacled rune of Zot
 43237 | Shoals:4 | Noticed Roxanne
 43259 | Shoals:4 | HP: 72/149 [Roxanne/orb of energy (34)]
 43602 | Shoals:4 | Killed Roxanne
 43602 | Shoals:4 | Reached skill level 13 in Shields
 43604 | Shoals:4 | Identified Roxanne's Incunabulum of Changing (You took it off Roxanne on level 4 of the Shoals)
 43616 | Shoals:4 | Learned a level 6 spell: Deflect Missiles
 44168 | Elf:1    | Entered Level 1 of the Elven Halls
 45063 | Elf:1    | Reached skill level 15 in Armour
 45187 | Elf:1    | Found an ancient bone altar of Kikubaaqudgha.
 45652 | Elf:2    | Found a magical portal.
 45657 | WizLab   | Entered The Hall of the Hellbinder
 45791 | WizLab   | Reached skill level 16 in Fighting
 46088 | WizLab   | Found a burning altar of Makhleb.
 46092 | WizLab   | HP: 45/151 [monstrous black sun/dispel undead[a shadow demon] (36)]
 46134 | Elf:2    | HP: 56/151 [deep elf archer/arrow (3)]
 46139 | Elf:2    | HP: 51/151 [deep elf archer/arrow (7)]
 46470 | Elf:2    | HP: 75/151 [deep elf archer/arrow (6)]
 46917 | Elf:2    | Found a huge runed gate.
 46917 | Elf:2    | Found a huge runed gate.
 46917 | Elf:2    | Found a huge runed gate.
 46917 | Elf:2    | Found a huge runed gate.
 46921 | Elf:2    | Found a huge runed gate.
 47662 | Elf:2    | HP: 75/151 [vampiric battleaxe (7)]
 47672 | Elf:2    | HP: 60/151 [double sword of holy wrath (9)]
 47677 | Elf:2    | HP: 44/151 [double sword of holy wrath (7)]
 47679 | Elf:2    | Reached XP level 19. HP: 43/157 MP: 10/25
 47688 | Elf:2    | HP: 36/157 [deep elf archer/arrow (11)]
 47694 | Elf:2    | HP: 28/157 [deep elf archer/arrow (10)]
 48284 | Elf:2    | Reached skill level 9 in Invocations
 50178 | Elf:3    | Entered Level 3 of the Elven Halls
 50236 | Elf:3    | Noticed 4thArraOfDagon's ghost (journeyman HOFi)
 50260 | Elf:3    | Killed 4thArraOfDagon's ghost
 50842 | Elf:1    | Found an ancient bone altar of Kikubaaqudgha.
 51124 | Vaults:1 | Entered Level 1 of the Vaults
 51471 | Vaults:1 | Sergey: интересный выбор бога для мумии
 51761 | Vaults:1 | theanonym: Какая разница?
 51882 | Vaults:1 | Reached skill level 16 in Armour
 51959 | Vaults:1 | HP: 65/159 [vault warden/bolt (16)]
 51968 | Vaults:1 | Sergey: хотя бы возможность свалить по-быстрому есть
 51976 | Vaults:1 | HP: 60/159 [cyan ugly thing (7)]
 52493 | Vaults:1 | Found Guynk's Weapon Boutique.
 52776 | Vaults:1 | Reached skill level 14 in Shields
 54154 | Vaults:2 | HP: 78/159 [purple very ugly thing/exploding inner flame[the player character] (18)]
 54807 | Vaults:2 | Reached skill level 10 in Invocations
 54866 | Vaults:2 | HP: 78/159 [two-headed ogre/giant club (11)]
 54877 | Vaults:2 | HP: 73/159 [ogre mage/halberd (5)]
 54909 | Vaults:2 | HP: 67/159 [two-headed ogre/giant spiked club (11)]
 55441 | Vaults:2 | Found a staircase to the Crypt.
 55441 | Vaults:2 | Found an ancient bone altar of Kikubaaqudgha.
 55442 | Vaults:2 | Found a basalt altar of Yredelemnul.
 55549 | Vaults:3 | Reached skill level 17 in Fighting
 55680 | Vaults:3 | Found Erey's General Store.
 55726 | Vaults:3 | Bought a scroll of teleportation for 63 gold pieces
 55873 | Vaults:3 | Noticed Jory
 55881 | Vaults:3 | Banished Jory
 55881 | Vaults:3 | Reached XP level 20. HP: 168/168 MP: 27/27
 55886 | Vaults:3 | Found a shadowy altar of Dithmenos.
 56197 | Vaults:3 | Noticed Margery
 56686 | Crypt:1  | Entered Level 1 of the Crypt
 56842 | Vaults:2 | Learned a level 1 spell: Apportation
 56843 | Vaults:2 | Got a heavily runed crystal plate armour
 56854 | Vaults:2 | Identified the +10 crystal plate armour of the Sturgeon {rC++ Regen+} (You acquired it on level 2 of the Vaults)
 57054 | Crypt:1  | Reached skill level 17 in Armour
 59009 | Crypt:3  | Entered Level 3 of the Crypt
 59302 | Crypt:3  | Reached skill level 15 in Shields
 59355 | Crypt:3  | Reached skill level 1 in Dodging
 59403 | Crypt:3  | Found an ancient bone altar of Kikubaaqudgha.
 59508 | Crypt:3  | Reached skill level 2 in Dodging
 59757 | Crypt:3  | Reached XP level 21. HP: 174/176 MP: 28/28
 59885 | Crypt:3  | Reached skill level 3 in Dodging
 59913 | Crypt:3  | Found a staircase to the Tomb.
 60041 | Crypt:3  | Reached skill level 18 in Fighting
 60047 | Crypt:3  | Noticed an ancient lich
 60047 | Crypt:3  | Noticed an ancient lich
 60048 | Crypt:3  | Upgraded the game from 0.22-a0-467-g5c5de1c to 0.22-a0-469-gf26638a
 60053 | Crypt:3  | Banished an ancient lich
 60121 | Crypt:3  | Got a brightly glowing golden ring
 60122 | Crypt:3  | Identified the ring "Zyoz Oko" {-Tele rElec rF+ rC+++ Str-4 SInv} (You found it on level 3 of the Crypt)
 60126 | Crypt:3  | Got a transparent emerald amulet
 60127 | Crypt:3  | Identified the amulet of Wihuc {Acrobat Int+4} (You found it on level 3 of the Crypt)
 60188 | Crypt:3  | Reached skill level 4 in Dodging
 60331 | Crypt:3  | Banished an ancient lich
 60331 | Crypt:3  | Reached skill level 18 in Armour
 60933 | Crypt:3  | Found an ancient bone altar of Kikubaaqudgha.
 61049 | Crypt:3  | Reached skill level 5 in Dodging
 61410 | Crypt:3  | Found a staircase to the Tomb.
 61913 | Crypt:3  | Found an ancient bone altar of Kikubaaqudgha.
 62428 | Crypt:3  | Found a staircase to the Tomb.
 62775 | Crypt:3  | Found a staircase to the Tomb.
 62828 | Crypt:3  | Found an ancient bone altar of Kikubaaqudgha.
 64028 | Shoals:2 | Bought the macabre finger necklace {rN+} for 800 gold pieces
 64028 | Shoals:2 | Found the macabre finger necklace {rN+}
 64058 | Shoals:3 | Bought a pair of runed boots for 225 gold pieces
 64058 | Shoals:3 | Bought an embroidered cloak for 225 gold pieces
 64742 | Vaults:3 | HP: 85/178 [centaur warrior/arrow (7)]
 64748 | Vaults:3 | HP: 75/178 [centaur warrior/enchanted longbow (7)]
 64823 | Vaults:3 | HP: 77/178 [hell knight/enchanted demon blade[Margery] (21)]
 65410 | Vaults:3 | Noticed Sojobo
 65455 | Vaults:3 | Noticed Mgcat's ghost (adept MiBe)
 65935 | Vaults:3 | Noticed Boris
 65983 | Vaults:3 | HP: 57/178 [Margery/fireball (51)]
 66232 | Vaults:3 | Killed Boris
 66382 | Vaults:3 | Cast into level 3 of the Abyss (hell knight)
 66606 | Abyss:3  | Paralysed by accursed screaming for 2 turns
 66609 | Abyss:3  | HP: 76/178 [spatial maelstrom (16)]
 66611 | Vaults:3 | Escaped the Abyss
 66781 | Vaults:3 | HP: 74/178 [Margery/fireball (58)]
 66792 | Vaults:3 | HP: 67/178 [Margery/bolt of fire (15)]
 66799 | Vaults:3 | HP: 11/178 [Margery/bolt of fire (61)]
 67157 | Vaults:3 | Banished Sojobo
 67535 | Vaults:3 | Banished Margery
 67597 | Vaults:3 | Found a shadowy altar of Dithmenos.
 68008 | Vaults:3 | Found Erey's General Store.
 68156 | Vaults:3 | Found Erey's General Store.
 68176 | Vaults:3 | Found a shadowy altar of Dithmenos.
 68826 | Vaults:3 | Found Erey's General Store.
 68830 | Vaults:3 | Found a shadowy altar of Dithmenos.
 69066 | Vaults:3 | Banished Mgcat's ghost
 69499 | Vaults:4 | Reached skill level 19 in Fighting
 69499 | Vaults:4 | Reached XP level 22. HP: 184/187 MP: 29/29
 70244 | Vaults:4 | HP: 73/187 [sphinx/exploding inner flame[the player character] (35)]
 70568 | Vaults:4 | Reached skill level 15 in Polearms
 70745 | Vaults:4 | Learned a level 2 spell: Blink
 70848 | Vaults:4 | HP: 86/188 [quicksilver dragon/bolt of dispelling energy (19)]
 71167 | Vaults:4 | Got a wavering amber ring
 71275 | Vaults:4 | Reached skill level 19 in Armour
 72689 | Vaults:4 | Identified the ring of Utwoolik {rC++ AC+3 Int+4} (You took it off a necromancer on level 4 of the Vaults)
 73250 | Elf:3    | HP: 94/188 [cloud of flame (14)]
 73875 | Elf:3    | Identified the Tome of Enhancements and Translocation
 74074 | Elf:3    | Got a pair of ichor-stained boots
 74075 | Elf:3    | Identified the Almanac of Transmutation and Clay
 74083 | Elf:3    | Identified the +2 pair of boots "Iluky" {+Blink rPois} (You found it on level 3 of the Elven Halls)
 74521 | Depths:1 | Entered Level 1 of the Depths
 74788 | Depths:1 | Got a heavily runed copper ring
 74815 | Depths:1 | Identified the ring "Oficry" {*Drain rElec Str+4 Int-5 Stlth+} (You found it on level 1 of the Depths)
 74866 | Depths:1 | Found a gateway to Hell.
 75203 | Depths:1 | Reached skill level 20 in Fighting
 75342 | Depths:2 | Reached skill level 16 in Polearms
 75704 | Depths:1 | Reached XP level 23. HP: 176/196 MP: 30/30
 75879 | Depths:1 | Found the +7 lajatang of Order {silver, rMut}
 75968 | Depths:2 | Found Laobb's Gadget Shop.
 75968 | Depths:2 | Found Nienkosch's Jewellery Emporium.
 75969 | Depths:2 | Found Jyjanett's Gadget Shop.
 75980 | Depths:2 | Bought the cursed ring "Googow" {rElec rF+++ EV-3 Int+5 Dex-5} for 1046 gold pieces
 76030 | Depths:2 | Found a gateway to a ziggurat.
 76345 | Depths:2 | Found a one-way gate leading to the halls of Pandemonium.
 76843 | Depths:2 | Reached skill level 17 in Polearms
 77061 | Depths:2 | Found a gateway to a ziggurat.
 77250 | Depths:2 | Found a one-way gate leading to the halls of Pandemonium.
 77487 | Depths:2 | Found Laobb's Gadget Shop.
 77487 | Depths:2 | Found Nienkosch's Jewellery Emporium.
 77488 | Depths:2 | Found Jyjanett's Gadget Shop.
 77851 | Depths:3 | Found a stormy altar of Qazlal.
 77914 | Depths:3 | Reached skill level 20 in Armour
 78165 | Depths:3 | theanonym: !lg * maxskills=~polea s=title
 78165 | Depths:3 | beem: 3477 games for * (maxskills=~polea): 1525x Merfolkian Porcupine, 376x Conqueror, 328x Minotaur Porcupine, 231x Intangible, 98x Invulnerable, 94x Archmage, 75x Demonic Porcupine, 57x Formicid Porcupine, 46x Orcish Porcupine, 45x Minotaur Barricade, 34x Bringer of Light, 31x Annihilator, 29x Naga Porcupine, 27x Talismancer, 26x Centaur Porcupine, 24x Petrodigitator, 20x Draconian Porcupine, 18x Hum...
 78165 | Depths:3 | theanonym: !lg * maxskills=~polea s=title race=mu
 78165 | Depths:3 | beem: 27 games for * (maxskills=~polea race=mu): 10x Mummy Porcupine, 7x Conqueror, 2x Hellbinder, 2x Infernalist, Annihilator, Archmage, Dungeon Master, Middleweight Champion, Plane Walker, Talismancer
 78290 | Depths:3 | Reached skill level 18 in Polearms
 78396 | Depths:3 | Found a basalt altar of Yredelemnul.
 78617 | Depths:3 | Noticed a caustic shrike
 78617 | Depths:3 | Noticed a caustic shrike
 78619 | Depths:3 | Noticed a caustic shrike
 78673 | Depths:3 | Killed a caustic shrike
 78714 | Depths:2 | Killed a caustic shrike
 79044 | Depths:3 | HP: 98/196 [polar bear[a spriggan berserker] (2)]
 79211 | Depths:3 | Found a radiant altar of Vehumet.
 79246 | Depths:3 | Reached skill level 6 in Dodging
 79341 | Depths:3 | Identified the +2 pair of gloves of Iplajulo {Str-4 Int+4} (You found it on level 3 of the Depths)
 79367 | Depths:3 | Got a brightly glowing brass amulet
 79368 | Depths:3 | Identified the amulet "Adwehij" {*Slow rElec Regen+ Dex+6 SInv} (You took it off a spriggan berserker on level 3 of the Depths)
 79408 | Depths:3 | Learned a level 2 spell: Song of Slaying
 79412 | Depths:3 | Learned a level 3 spell: Spectral Weapon
 79450 | Depths:3 | Found a shattered altar of Ashenzari.
 79455 | Depths:3 | Reached skill level 1 in Spellcasting
 79455 | Depths:3 | Reached skill level 1 in Hexes
 79455 | Depths:3 | Reached skill level 1 in Charms
 79520 | Depths:3 | Reached XP level 24. HP: 204/204 MP: 30/30
 79560 | Depths:3 | Reached skill level 2 in Spellcasting
 79560 | Depths:3 | Reached skill level 2 in Hexes
 79560 | Depths:3 | Reached skill level 2 in Charms
 79898 | Depths:4 | Found a transporter.
 79960 | Depths:4 | Reached skill level 3 in Hexes
 79994 | Depths:4 | Reached skill level 3 in Charms
 80012 | Depths:4 | Reached skill level 3 in Spellcasting
 80147 | Depths:4 | Reached skill level 4 in Hexes
 80322 | Depths:4 | Reached skill level 4 in Spellcasting
 80322 | Depths:4 | Reached skill level 4 in Charms
 80398 | Depths:4 | Found a corrupted altar of Lugonu.
 80408 | Depths:4 | Found a one-way gate to the infinite horrors of the Abyss.
 80871 | Depths:4 | Found a corrupted altar of Lugonu.
 80871 | Depths:4 | Found a one-way gate to the infinite horrors of the Abyss.
 81176 | Depths:5 | Entered Level 5 of the Depths
 81195 | Depths:5 | Reached skill level 5 in Hexes
 81382 | Depths:5 | Reached skill level 5 in Charms
 81396 | Depths:5 | Reached skill level 5 in Spellcasting
 81446 | Depths:5 | Reached skill level 6 in Hexes
 81576 | Depths:5 | Found a glowing golden altar of the Shining One.
 81616 | Depths:5 | Reached skill level 6 in Charms
 81668 | Depths:5 | Reached skill level 6 in Spellcasting
 81809 | Depths:5 | Found a gate to the Realm of Zot.
 81824 | Depths:5 | Reached skill level 7 in Hexes
 81989 | Depths:5 | Reached skill level 7 in Charms
 82136 | Depths:5 | Reached skill level 7 in Spellcasting
 82351 | Depths:4 | Found a transporter.
 82367 | Depths:4 | Reached skill level 8 in Hexes
 82403 | Depths:4 | HP: 98/204 [frost giant/bolt of cold (9)]
 82408 | Depths:4 | HP: 69/204 [Brimstone Fiend/damnation[a lich] (27)]
 82412 | Depths:4 | Paralysed by a floating eye for 3 turns
 82687 | Depths:4 | Reached skill level 8 in Charms
 82759 | Depths:4 | Got a sparkling bronze ring
 82798 | Depths:4 | Identified the ring of Rehonlu {EV+3 Str+4} (You found it on level 4 of the Depths)
 82843 | Depths:4 | Voluntarily entered the Abyss.
 82912 | Abyss:3  | Found a corrupted altar of Lugonu.
 82932 | Abyss:3  | Reached skill level 8 in Spellcasting
 83066 | Abyss:3  | Reached XP level 25. HP: 184/210 MP: 35/35
 83231 | Abyss:3  | Reached skill level 7 in Dodging
 83549 | Abyss:4  | Reached skill level 9 in Spellcasting
 83565 | Abyss:4  | Got an abyssal rune of Zot
 83669 | Abyss:4  | Reached skill level 8 in Dodging
 83719 | Depths:4 | Escaped the Abyss
 84047 | Vaults:5 | Entered Level 5 of the Vaults
 84073 | Vaults:5 | HP: 95/212 [vault guard/exploding inner flame[the player character] (12)]
 84078 | Vaults:5 | HP: 47/212 [vault guard/halberd (3)]
 84093 | Vaults:5 | Reached skill level 10 in Spellcasting
 84094 | Vaults:5 | Reached skill level 19 in Polearms
 84094 | Vaults:5 | Reached skill level 9 in Dodging
 84126 | Vaults:5 | HP: 78/212 [stone giant (5)]
 84445 | Vaults:5 | Identified the Volume of Stolen Souls
 84473 | Vaults:5 | HP: 101/212 [fire giant/fireball (9)]
 84481 | Vaults:5 | Reached skill level 10 in Dodging
 84622 | Vaults:5 | Got a heavily runed iron ring
 84625 | Vaults:5 | Identified the cursed ring of Lattapam {Int+2 Dex-2} (You took it off a deep elf demonologist on level 5 of the Vaults)
 84750 | Vaults:5 | HP: 95/213 [vault warden/enchanted great sword (14)]
 84755 | Vaults:5 | HP: 87/213 [anaconda (glowing shapeshifter) (2)]
 84773 | Vaults:5 | HP: 85/213 [storm dragon/bolt of lightning (11)]
 84778 | Vaults:5 | HP: 87/213 [storm dragon (1)]
 84786 | Vaults:5 | HP: 72/213 [acid (8)]
 84800 | Vaults:5 | HP: 55/213 [yaktaur captain/arbalest (12)]
 85013 | Vaults:5 | Reached skill level 21 in Fighting
 85062 | Vaults:5 | Reached skill level 11 in Dodging
 85347 | Vaults:5 | Gained mutation: You are strongly in touch with the powers of death. [Mummy growth]
 85347 | Vaults:5 | Reached XP level 26. HP: 222/222 MP: 37/37
 85478 | Vaults:5 | Reached skill level 12 in Dodging
 85530 | Vaults:5 | Identified the Incunabulum of Rubbish
 86123 | Vaults:5 | Identified the Catalogue of the Mountains and Snow
 86127 | Vaults:5 | Got a silver rune of Zot
 86831 | Slime:1  | Entered Level 1 of the Pits of Slime
 87082 | Slime:5  | Entered Level 5 of the Pits of Slime
 87112 | Slime:5  | Reached skill level 11 in Spellcasting
 87307 | Slime:5  | Noticed the Royal Jelly
 87333 | Slime:5  | HP: 107/224 [azure jelly/exploding inner flame[the player character] (10)]
 87333 | Slime:5  | Killed the Royal Jelly
 87344 | Slime:5  | HP: 91/224 [acid blob/splash of acid (4)]
 87794 | Slime:5  | Found the +3 warlock's mirror {reflect}
 87805 | Slime:5  | Identified Sif Muna's Grimoire of Transformation and Fire
 87845 | Slime:5  | Learned a level 3 spell: Lesser Beckoning
 87852 | Slime:5  | Learned a level 6 spell: Invisibility
 87869 | Slime:5  | Identified Sif Muna's Compendium of Floating Battle Magic
 87872 | Slime:5  | Identified Zuframmappo's Papyrus of Conjuration and Calling
 87878 | Slime:5  | Identified the Grimoire of Igneous Augmentations
 87906 | Slime:5  | Got a slimy rune of Zot
 88034 | Slime:5  | Reached skill level 20 in Polearms
 88580 | Zot:1    | Entered Level 1 of the Realm of Zot
 88754 | Zot:1    | Reached skill level 9 in Hexes
 88908 | Zot:1    | Reached skill level 12 in Spellcasting
 88909 | Zot:1    | HP: 112/224 [quicksilver dragon (10)]
 88917 | Zot:1    | HP: 83/224 [purple draconian/bolt of dispelling energy (30)]
 88928 | Zot:1    | HP: 67/224 [purple draconian/dire flail of crushing (12)]
 88977 | Zot:1    | HP: 101/224 [purple draconian/war axe (2)]
 88984 | Zot:1    | Reached skill level 9 in Charms
 88984 | Zot:1    | Reached skill level 11 in Invocations
 88988 | Zot:1    | HP: 72/224 [purple draconian/bolt of dispelling energy (27)]
 88996 | Zot:1    | HP: 65/224 [purple draconian/bolt of dispelling energy (12)]
 88999 | Zot:1    | Reached skill level 22 in Fighting
 89013 | Zot:1    | HP: 74/224 [black draconian/bolt of lightning (5)]
 89430 | Zot:1    | Reached skill level 12 in Invocations
 89456 | Zot:1    | HP: 99/225 [black draconian/bolt of lightning (14)]
 89461 | Zot:1    | HP: 95/225 [quicksilver dragon (4)]
 89472 | Zot:1    | Got a slimy copper amulet
 89489 | Zot:1    | HP: 91/225 [purple draconian/bolt of dispelling energy (7)]
 89734 | Zot:1    | Reached XP level 27. HP: 210/232 MP: 39/39
 89792 | Zot:1    | HP: 108/232 [quicksilver dragon/bolt of dispelling energy (27)]
 89797 | Zot:1    | HP: 100/232 [quicksilver dragon (3)]
 89811 | Zot:1    | Reached skill level 13 in Invocations
 90410 | Zig:1    | Entered Level 1 of a ziggurat
 90427 | Zig:2    | Entered Level 2 of a ziggurat
 90478 | Zig:3    | Entered Level 3 of a ziggurat
 90510 | Zig:3    | Identified the amulet of Vyckiodd {+Rage rElec Int+2} (You took it off a purple draconian on level 1 of the Realm of Zot)
 90523 | Zig:4    | Entered Level 4 of a ziggurat
 90545 | Zig:5    | Entered Level 5 of a ziggurat
 90592 | Zig:5    | Identified the Disquisition on Combat Magic and Evil
 90614 | Zig:6    | Entered Level 6 of a ziggurat
 90622 | Zig:6    | Noticed Kitymom the pandemonium lord
 90633 | Zig:6    | Reached skill level 14 in Invocations
 90645 | Zig:6    | Banished Kitymom the pandemonium lord
 90710 | Zig:7    | Entered Level 7 of a ziggurat
 90763 | Zig:7    | Identified Zowal's Catalogue of Freezing Beguiling
 90794 | Zig:8    | Entered Level 8 of a ziggurat
 90974 | Zig:9    | Entered Level 9 of a ziggurat
 90997 | Zig:9    | Paralysed by accursed screaming for 1 turns
 91022 | Zig:9    | HP: 112/233 [smoke demon/ball of steam (8)]
 91172 | Zig:10   | Entered Level 10 of a ziggurat
 91189 | Zig:10   | Reached skill level 13 in Dodging
 91239 | Zig:10   | Paralysed by a floating eye for 2 turns
 91330 | Zig:11   | Entered Level 11 of a ziggurat
 91348 | Zig:11   | Reached skill level 23 in Fighting
 91375 | Zig:11   | Noticed a greater mummy
 91378 | Zig:11   | Noticed a greater mummy
 91416 | Zig:11   | HP: 109/235 [mummy priest/divine providence (11)]
 91421 | Zig:11   | HP: 77/235 [emperor scorpion[a greater mummy] (6)]
 91422 | Zig:11   | Reached skill level 10 in Hexes
 91426 | Zig:11   | HP: 28/235 [greater mummy/divine providence (13)]
 91428 | Zig:11   | HP: 8/235 [greater mummy/divine providence (12)]
 91431 | Abyss:1  | Killed from afar by a black draconian knight

Vanquished Creatures
  the Royal Jelly (Slime:5)
  Boris (Vaults:3)
  A Killer Klown (Zot:1)
  2 caustic shrikes
  5 golden dragons
  Nikola (Shoals:2)
  An electric golem (Zot:1)
  Arachne (Spider:3)
  4 tentacled monstrosities
  2 liches
  11 quicksilver dragons
  3 titans
  A deep elf blademaster (Elf:3)
  16 acid blobs
  A death cob (Zot:1)
  Frances (Shoals:2)
  3 Executioners
  2 tentacled starspawn (Abyss:3)
  5 sphinxes
  An ancient champion (Crypt:2)
  3 shadow dragons
  4 tengu reavers
  2 draconian monks
  3 storm dragons
  Donald (Spider:1)
  6 revenants
  Roxanne (Shoals:4)
  13 azure jellies
  10 fire giants
  The ghost of 4thArraOfDagon the Fencer, a journeyman HOFi of Beogh (Elf:3)
  7 frost giants
  10 vault wardens
  3 draconian scorchers
  4 ghost moths
  8 deep elf sorcerers
  An orc warlord (Orc:2)
  2 balrugs
  The ghost of tilp the Impaler, a journeyman MfIE of Makhleb (Lair:6)
  2 cacodemons (WizLab)
  2 draconian annihilators (Zot:1)
  2 curse skulls
  9 ironheart preservers
  A deep elf elementalist (Elf:3)
  3 ghouls
  A juggernaut skeleton (Depths:2)
  4 reapers
  2 entropy weavers (Vaults:4)
  3 draconian stormcallers
  A blood saint (WizLab)
  19 very ugly things
  2 war gargoyles (Vaults:5)
  9 stone giants
  4 vampire knights
  7 deep elf demonologists
  A corrupter (Zig:6)
  6 black draconians
  A black sun (Zig:6)
  2 red draconians
  14 purple draconians
  3 deep elf annihilators
  10 spark wasps
  A dire elephant (D:15)
  A yellow draconian (Zot:1)
  3 white draconians
  Azrael (D:15)
  8 ettins
  7 eidola
  8 deep elf death magi
  6 death oozes (Slime:5)
  A blizzard demon (Abyss:3)
  A green death (WizLab)
  8 yaktaur captains
  3 merfolk javelineers
  3 mummy priests
  4 jiangshi
  10 deep elf high priests
  9 great orbs of eyes
  5 fire dragons
  14 ogre magi
  3 merfolk impalers
  9 ice dragons
  The ghost of protoss039 the Archer, a journeyman CeFi of Okawaru (D:12)
  2 rakshasas
  Josephine (D:9)
  39 vault guards
  Harold (D:10)
  2 catoblepae
  A quicksilver dragon skeleton (Crypt:3)
  4 merfolk avatars
  Fannar (Lair:3)
  4 spriggan air magi
  Erica (Lair:2)
  A hell beast (Zig:6)
  11 hydras
  A naga warrior (Zig:8)
  3 death knights
  4 satyrs (Shoals:4)
  6 centaur warriors
  2 anacondas (Zig:8)
  An alligator snapping turtle (Shoals:2)
  51 two-headed ogres
  A death scarab (Zig:11)
  2 merfolk aquamancers (Shoals:4)
  An anaconda (shapeshifter) (Vaults:5)
  6 deep troll shamans
  A two-headed ogre (shapeshifter) (Vaults:5)
  18 tengu warriors
  4 thrashing horrors (Abyss:3)
  3 death yaks (Shoals:2)
  5 vampire magi
  10 deep troll earth magi
  2 naga sharpshooters (Zig:8)
  22 dancing weapons
  4 orc high priests (Orc:2)
  A titan zombie (Depths:2)
  4 sun demons
  Urug (Lair:4)
  A hell hog (Zig:10)
  Sonja (Orc:2)
  2 titan skeletons
  2 shock serpents (Zig:8)
  6 spriggan berserkers
  9 soul eaters
  13 deep elf knights
  6 wretched stars
  A fire crab (shapeshifter) (Zig:9)
  A salamander mystic (Zig:8)
  5 iron trolls
  17 hell knights
  17 large abominations
  3 sixfirhies
  13 skeletal warriors
  3 shadow wraiths
  4 storm dragon skeletons
  4 unseen horrors
  4 spatial maelstroms
  13 flayed ghosts
  7 sea snakes
  3 anaconda zombies (Crypt:3)
  9 glowing orange brains
  31 deep trolls
  2 quicksilver dragon simulacra (Depths:3)
  A spark wasp zombie (Depths:2)
  A lindwurm (Lair:6)
  A mana viper (Abyss:3)
  A shadow demon (WizLab)
  19 phantasmal warriors
  A harpy (shapeshifter) (Vaults:3)
  A tengu zombie (Depths:2)
  2 golden dragon skeletons (Depths:2)
  11 ironbrand convokers
  20 deep elf archers
  59 deep elf magi
  4 wizards
  An iron dragon zombie (Crypt:3)
  18 orc knights
  8 harpies
  22 necromancers
  16 orb spiders
  4 oklob plants (Lair:4)
  7 shining eyes
  25 wolf spiders
  2 fire giant zombies
  6 orc sorcerers
  2 stone giant zombies
  50 ugly things
  2 salamanders
  2 frost giant zombies (Crypt:3)
  A salamander (shapeshifter) (Vaults:4)
  A tengu skeleton (Depths:2)
  5 moths of wrath
  A shadow dragon skeleton (Zig:10)
  6 elephants
  6 merfolk sirens
  14 fauns
  A guardian serpent (Zig:8)
  8 manticores
  2 dire elephant zombies (Crypt:3)
  2 apocalypse crabs
  5 fire giant skeletons
  15 vault sentinels
  7 cyclopes
  11 black mambas
  4 frost giant skeletons
  8 rust devils
  2 molten gargoyles (Lair:6)
  6 water nymphs
  2 centaur zombies
  An eye of devastation (Zig:7)
  8 smoke demons
  An ice statue (Depths:3)
  7 spiny frogs
  3 torpor snails
  3 orange demons
  A rime drake (shapeshifter) (Vaults:5)
  10 rime drakes
  3 hellions (Zig:10)
  An efreet (Abyss:3)
  3 spriggan zombies
  A kobold demonologist (D:15)
  2 human skeletons (Vaults:3)
  5 ice devils
  8 komodo dragons
  A komodo dragon (shapeshifter) (Vaults:1)
  13 demonic crawlers
  24 freezing wraiths
  35 yaktaurs
  8 guardian mummies
  An elf skeleton (Zig:10)
  10 red devils
  An anaconda simulacrum (Abyss:4)
  2 tormentors
  13 hellwings
  2 ancient zymes (Abyss:3)
  6 tengu conjurers
  5 polar bears
  8 meliai
  A hydra zombie (Crypt:2)
  A queen bee (Abyss:4)
  6 wind drakes
  17 merfolk
  26 jumping spiders
  A meliai (shapeshifter) (Depths:4)
  7 trolls
  2 wolf spider simulacra (IceCv)
  6 hornets
  18 blink frogs
  Prince Ribbit (D:6)
  2 hydra skeletons (Crypt:3)
  A raiju (Abyss:3)
  3 bog bodies
  53 slime creatures
  A dream sheep (shapeshifter) (Depths:2)
  10 hippogriffs
  A fire dragon zombie (Crypt:3)
  2 ettin zombies
  A frost giant simulacrum (Depths:4)
  4 snapping turtles
  A redback (shapeshifter) (Vaults:4)
  Sigmund (D:3)
  10 water elementals
  5 wyverns
  A centaur simulacrum (D:15)
  16 flying skulls
  A spriggan (shapeshifter) (Vaults:2)
  An air elemental (Elf:2)
  14 tarantellas
  An alligator skeleton (Abyss:3)
  63 redbacks
  2 ettin skeletons
  8 shadows
  A vampire (Abyss:3)
  A satyr skeleton (Crypt:1)
  A yak (shapeshifter) (Elf:2)
  5 hungry ghosts
  2 ushabtiu
  16 wraiths
  2 fire bats (Depths:5)
  8 fire elementals
  35 yaks
  6 ynoxinuls
  4 hogs (Shoals:2)
  10 golden eyes
  12 basilisks
  A black mamba skeleton (Crypt:3)
  A chaos spawn (Abyss:4)
  5 steam dragons
  2 golden eyes (shapeshifter) (Depths:1)
  3 neqoxecs (Abyss:3)
  A human simulacrum (Vaults:3)
  10 small abominations
  4 wargs
  13 vampire mosquitoes
  9 spatial vortices
  A naga (shapeshifter) (Vaults:2)
  8 hell hounds
  2 nagas (Zig:8)
  A torturous demonspawn zombie (Crypt:1)
  2 acid dragons
  A soldier ant (shapeshifter) (Vaults:4)
  A soldier ant (D:12)
  A hydra simulacrum (Crypt:2)
  3 insubstantial wisps (Abyss:3)
  Duvessa (D:6)
  An orb spider zombie (Crypt:1)
  2 spiny frog zombies
  32 water moccasins
  A gelid demonspawn skeleton (Crypt:2)
  12 porcupines
  2 deep troll skeletons
  2 floating eyes
  53 orc warriors
  A human zombie (Vaults:3)
  A black bear (D:13)
  2 ettin simulacra
  28 ogres
  A black bear (shapeshifter) (Vaults:1)
  4 eyes of draining
  9 ice beasts
  3 sky beasts
  9 boggarts
  A wolf (shapeshifter) (Vaults:5)
  23 wolves
  A phantom (D:9)
  4 necrophages
  A snapping turtle skeleton (Crypt:3)
  24 centaurs
  8 crocodiles
  A manticore skeleton (Crypt:2)
  5 big kobolds
  21 bullfrogs
  An elf zombie (Crypt:3)
  A hippogriff skeleton (Crypt:2)
  A gnoll sergeant (D:13)
  5 earth elementals
  A cyclops skeleton (Crypt:2)
  3 scorpions
  6 wyvern skeletons (Crypt:3)
  A scorpion (shapeshifter) (Vaults:2)
  2 water moccasin skeletons
  Dowan (D:6)
  19 killer bees
  4 electric eels
  4 howler monkeys
  A wight (Zig:10)
  5 lava snakes (Lair:6)
  2 bullfrog zombies
  10 crimson imps
  2 quasits
  35 starcursed masses
  A bullfrog skeleton (Crypt:2)
  6 jellies
  4 hounds
  6 centaur skeletons
  28 orc priests
  2 iron imps
  5 iguanas
  39 orc wizards
  14 worker ants
  2 hell rats (Lair:3)
  A killer bee zombie (Crypt:1)
  A polar bear simulacrum (IceCv)
  A wolf simulacrum (IceCv)
  A felid skeleton (Crypt:1)
  A deep dwarf skeleton (Crypt:1)
  2 hound skeletons
  12 mummies (Zig:11)
  2 howler monkey skeletons
  A worker ant zombie (D:9)
  7 gnolls
  11 river rats
  30 adders
  5 shadow imps
  9 white imps
  3 ufetubi (Abyss:3)
  3 oozes
  2 adder skeletons
  2 adder zombies
  4 worms
  4 leopard geckos
  137 orcs
  7 ball pythons
  7 bats
  4 giant cockroaches
  8 goblins
  9 hobgoblins
  16 jackals
  22 kobolds
  2 quokkas
  A river rat zombie (Crypt:2)
  7 frilled lizards
  A frilled lizard skeleton (Crypt:2)
  A kobold zombie (Crypt:3)
  10 rats
  A plant (Lair:1)
  A spectral weapon (Zig:7)
  3 starspawn tentacles (Abyss:3)
  4 tentacles (Shoals:2)
  A withered plant (Shoals:2)
2602 creatures vanquished.

Vanquished Creatures (collateral kills)
  Mara (Spider:3)
  A stone giant (Vaults:5)
2 creatures vanquished.

Vanquished Creatures (others)
  A pandemonium lord (Zig:6)
  A caustic shrike (Depths:3)
  A golden dragon (Depths:5)
  The ghost of Mgcat the Executioner, an adept MiBe of Trog (Vaults:3)
  2 deep elf blademasters
  2 krakens (Shoals:2)
  2 deep elf master archers (Elf:3)
  2 quicksilver dragons (Zot:1)
  A titan (Vaults:5)
  3 acid blobs
  A sphinx (Vaults:3)
  4 storm dragons
  A tengu reaver (Vaults:3)
  A shadow dragon (Zot:1)
  Kirke (Shoals:2)
  A draconian monk (Depths:5)
  Ilsuiw (Shoals:4)
  3 fire giants
  2 frost giants
  Aizul (Shoals:4)
  An iron dragon (Depths:3)
  2 vault wardens
  4 ghouls
  9 stone giants
  A juggernaut zombie (Depths:4)
  A reaper (Crypt:3)
  A draconian stormcaller (Zot:1)
  A war gargoyle (Vaults:5)
  A caustic shrike skeleton (Zig:11)
  A draconian annihilator (Zot:1)
  2 ironheart preservers
  A juggernaut skeleton (Depths:2)
  A very ugly thing (Vaults:5)
  2 vampire knights
  A deep elf demonologist (Elf:3)
  3 white draconians (Zot:1)
  A red draconian (Zot:1)
  A yellow draconian (Depths:5)
  5 purple draconians (Zot:1)
  An eidolon (Crypt:1)
  3 ettins
  2 green deaths (WizLab)
  A fire dragon (Depths:1)
  A blizzard demon (Depths:3)
  2 merfolk impalers (Shoals:4)
  8 yaktaur captains
  A deep elf death mage (Elf:2)
  3 jiangshi
  A deep elf high priest (Vaults:5)
  A great orb of eyes (Vaults:1)
  A rakshasa (Vaults:3)
  A naga warrior (Zig:8)
  2 ice dragons
  A catoblepas (Shoals:2)
  2 vault guards
  3 centaur warriors
  A hell beast (Depths:4)
  A merfolk aquamancer (Shoals:4)
  2 alligator snapping turtles (Shoals:4)
  A tengu warrior (Depths:3)
  A two-headed ogre (Vaults:1)
  A death knight (Crypt:1)
  2 deep troll earth magi
  An ogre mage (Vaults:1)
  3 soul eaters (Crypt:3)
  A vampire mage (Crypt:2)
  A spriggan berserker (Depths:5)
  A titan skeleton (Crypt:3)
  3 hell knights
  A sun demon (Depths:3)
  3 deep elf knights
  A fire crab (shapeshifter) (Depths:5)
  A sixfirhy (Abyss:3)
  A wretched star (Abyss:3)
  5 skeletal warriors
  A spatial maelstrom (Abyss:3)
  An iron troll (Depths:5)
  2 golden dragon zombies
  5 deep trolls
  3 sea snakes
  A deep elf archer (Vaults:3)
  A glowing orange brain (Depths:3)
  2 iron dragon zombies
  A flayed ghost (Vaults:5)
  4 ironbrand convokers
  A large abomination (Abyss:3)
  An orc knight (Vaults:4)
  A shadow dragon zombie (Crypt:2)
  2 harpies
  A golden dragon skeleton (Crypt:3)
  A fire giant zombie (Depths:2)
  4 phantasmal warriors
  A frost giant zombie (Depths:2)
  11 ugly things
  3 deep elf magi
  4 fauns (Shoals:4)
  A stone giant zombie (Crypt:3)
  A stone giant skeleton (Depths:2)
  3 manticores
  2 sphinx skeletons
  3 moths of wrath
  2 rust devils (Depths:3)
  4 merfolk sirens
  An ice statue (Zig:8)
  A water nymph (Shoals:2)
  An eye of devastation (Slime:5)
  A water nymph (shapeshifter) (Depths:5)
  2 vault sentinels
  A frost giant skeleton (Depths:2)
  A sea snake zombie (Crypt:2)
  16 yaktaurs
  An ice devil (Depths:4)
  2 freezing wraiths
  A spriggan skeleton (Depths:2)
  A green draconian skeleton (Crypt:2)
  A guardian mummy (Crypt:3)
  A tengu conjurer (Depths:4)
  4 hellwings
  A harpy zombie (Crypt:3)
  3 merfolk (Shoals:4)
  A troll (Zig:3)
  A wind drake (Shoals:4)
  2 bog bodies
  A hornet (shapeshifter) (Vaults:2)
  A snapping turtle (Zig:5)
  A hippogriff (Shoals:3)
  10 slime creatures
  A fire dragon zombie (Crypt:3)
  An ettin zombie (Depths:2)
  2 redbacks (Vaults:4)
  2 flying skulls
  4 wraiths
  A shadow (D:13)
  A water elemental (Shoals:4)
  A spatial vortex (Abyss:3)
  A hell hound (Zig:10)
  A floating eye (Depths:3)
  5 orc warriors
  An ettin simulacrum (Depths:3)
  A necrophage (Crypt:2)
  A blink frog zombie (Crypt:1)
  3 ogres
  A boggart (Vaults:2)
  2 centaurs
  A wyvern skeleton (Crypt:3)
  2 killer bees (Abyss:4)
  A bush (Lair:2)
  22 fungi
  A lurking horror (Abyss:2)
  38 plants
  68 spectral weapons
  13 starspawn tentacles
  15 tentacles (Shoals:2)
  5 toadstools (D:1)
  16 withered plants (Crypt:3)
470 creatures vanquished.

Grand Total: 3074 creatures vanquished

Table legend:
 A = Turns spent in this place as a percentage of turns spent in the entire game.
 B = Non-inter-level travel turns spent in this place as a percentage of non-inter-level travel turns spent in the entire game.
 C = Inter-level travel turns spent in this place as a percentage of turns spent in this place.
 D = Turns resting spent in this place as a percentage of non-inter-level travel turns spent in this place.
 E = Turns spent auto-exploring this place as a percentage of non-inter-level travel turns spent in this place.
 F = Non-inter-level travel turns spent in this place divided by the number of levels of this place that you've seen.
                   A       B       C       D       E      F
               +-------+-------+-------+-------+-------+----------------------
         Total | 100.0 | 100.0 |   8.6 |  28.6 |  41.9 | 1114.7
       Dungeon |  21.4 |  20.0 |  14.5 |  29.2 |  44.8 | 1114.9
          Lair |  11.4 |  10.8 |  13.2 |  36.4 |  40.2 | 1505.7
        Shoals |   6.9 |   7.1 |   5.4 |  39.0 |  34.8 | 1483.8
   Spider Nest |   6.2 |   6.5 |   4.5 |  45.8 |  32.0 | 1352.8
    Slime Pits |   1.5 |   1.5 |   7.5 |  34.9 |  10.0 | 253.2
  Orcish Mines |   4.0 |   3.9 |  10.9 |  50.7 |  22.5 | 1625.5
   Elven Halls |   8.3 |   8.3 |   8.2 |  25.8 |  51.7 | 2326.0
        Vaults |  17.9 |  18.5 |   5.6 |  25.6 |  46.8 | 3095.8
         Crypt |   7.3 |   7.8 |   2.5 |   5.9 |  63.2 | 2179.0
        Depths |  10.0 |  10.0 |   8.0 |  20.1 |  39.6 | 1675.4
           Zot |   1.4 |   1.5 |   5.5 |  20.2 |  27.6 | 1245.0
         Abyss |   1.3 |   1.4 |   0.0 |   4.5 |  20.2 | 148.9
      Ziggurat |   1.1 |   1.2 |   0.0 |  31.2 |  10.5 |  92.8
         Sewer |   0.5 |   0.6 |   0.0 |  26.8 |  31.3 | 463.0
      Ice Cave |   0.2 |   0.3 |   0.0 |  47.5 |  12.8 | 219.0
        Wizlab |   0.5 |   0.6 |   0.0 |  38.4 |  21.3 | 474.0
               +-------+-------+-------+-------+-------+----------------------
